 Dungeon Crawl Stone Soup version 0.27.1 (webtiles) character file.

Game seed: 144369445591200358

28 nxtlvl the Skirmisher (level 3, 0/39 HPs)
             Began as an Ogre Delver on Aug 30, 2021.
             Slain by an ogre (26 damage)
             ... on level 4 of the Dungeon.
             The game lasted 00:02:35 (207 turns).

nxtlvl the Skirmisher (Ogre Delver)                  Turns: 207, Time: 00:02:35

Health: 0/39       AC:  7    Str: 17    XL:     3   Next: 14%
Magic:  3/3        EV:  9    Int: 11    God:
Gold:   47         SH:  0    Dex: 10    Spells: 2/2 levels left

rFire    . . .     SeeInvis .   a - +0 mace
rCold    . . .     Faith    .   (no shield)
rNeg     . . .     Spirit   .   b - +0 robe
rPois    .         Reflect  .   (helmet restricted)
rElec    .         Harm     .   (no cloak)
rCorr    .         Rampage  .   (gloves unavailable)
Will     .....                  (boots unavailable)
Stlth    ++........             (no amulet)
HPRegen  0.13/turn              j - +4 ring of protection
MPRegen  0.08/turn              (no ring)

@: hasted, very quick
A: large, unfitting armour, tough skin 1
a: no special abilities


You were on level 4 of the Dungeon.
You visited 1 branch of the dungeon, and saw 3 of its levels.

You collected 47 gold pieces.

Inventory:

Hand Weapons
 a - a +0 mace (weapon)
Missiles
 i - 3 poisoned darts (quivered)
Armour
 b - a +0 robe (worn)
Jewellery
 j - a +4 ring of protection (left hand)
Wands
 g - a wand of digging (3)
 k - a wand of iceblast (11)
Scrolls
 c - a scroll of fog
 e - a scroll of fear
 l - a scroll of teleportation {unknown}
Potions
 d - a potion of mutation {unknown}
 h - a potion of lignification {unknown}
 m - a potion of invisibility {unknown}


   Skills:
 - Level 4.0 Fighting
 * Level 3.2 Maces & Flails
 - Level 1.7 Dodging
 - Level 3.7 Stealth


You had 2 spell levels left.
You didn't know any spells.
Your spell library was empty.

Dungeon Overview and Level Annotations

Branches:
Dungeon (6/15)
 Temple: D:4-7

Altars:

Shops:
D:5 (


Innate Abilities, Weirdness & Mutations

You are too large for most types of armour.
You have tough skin. (AC +1)


Message History

You hear the sound of rushing water.
There is an entrance to a sewer on this level.
Hurry and find it before the portal rusts away!
There is a stone staircase leading down here.
The kobold shouts!
The kobold throws a stone.
The stone closely misses you.
A goblin comes into view. It is wielding a +0 club.
Found a long sword and 19 stones.
Found 19 gold pieces.
Found a stone staircase leading up.
You sock the kobold!
You kill the kobold!
An orc comes into view. It is wielding a +0 war axe.
Found a book of Debilitation.
Things that are here:
a +0 club; 4 stones You closely miss the orc.
The orc hits you with a +0 war axe.
You hit the orc.
The orc is heavily wounded.
The orc hits you with a +0 war axe.
You barely miss the orc.
The orc is heavily wounded.
The orc hits you with a +0 war axe. x2
You hit the orc.
You kill the orc!
Things that are here:
a +0 war axe; an orc corpse An ogre comes into view.
It is wielding a +0 giant club.
Throw: 5 darts (poison)
Press: ? - help, Q - select action, (/) - cycle Shift-Dir - straight line, f - ogre
Aim: an ogre, wielding a +0 giant club (73% to hit)
You throw a poisoned dart.
The poisoned dart completely misses the ogre.
Throw: 4 darts (poison)
Press: ? - help, Q - select action, (/) - cycle Shift-Dir - straight line, f/p - ogre
Aim: an ogre, wielding a +0 giant club (73% to hit)
You throw a poisoned dart. The poisoned dart hits the ogre.
The ogre is poisoned.
You feel yourself speed up.
The ogre hits you with a +0 giant club!!
Ouch! That really hurt!
You die...

.....##### ........#
###g# ####....$..# ....
.#..........####(#.
(..............#..
#..(.......##...#
#....#..........#.# #
#...:O@.)..##.....# #..
#.####<.....#.#####....
...........)....>......
.....$........#......≈≈
.......#..##.....#..≈≈≈
....##..).##.....#..≈≈♣
....#.....##.....# .≈≈≈
### #.....###+###♣ ..≈≈
#.....# ...


You could see an ogre (poisoned).

Vanquished Creatures
  2 adders
  A shadow imp (D:5)
  An orc (D:4)
  A kobold (D:4)
5 creatures vanquished.

Notes
Turn   | Place    | Note
-------+----------+-------------------------------------------
     0 | D:5      | nxtlvl the Ogre Delver began the quest for the Orb.
     0 | D:5      | Reached XP level 1. HP: 24/24 MP: 1/1
    33 | D:5      | Reached XP level 2. HP: 19/32 MP: 2/2
    43 | D:5      | Noticed a scorpion
    65 | D:5      | Noticed a lemure
    65 | D:5      | Noticed a lemure
   133 | D:5      | Reached XP level 3. HP: 29/39 MP: 3/3
   175 | D:5      | Found Leymuumn's Weapon Shoppe.
   203 | D:4      | Noticed an ogre
   207 | D:4      | Slain by an ogre

Illustrated notes

Levels and vault maps discovered:
D:4:      layout_basic, elyvilon_altar_3, nemelex_spade_bored_becter,
          minmay_temple_entry_slanted, portal_sewer_entry_d
D:5:      layout_basic, lemuel_doored_altar, nzn_hepliaklqana_mist_gate,
          serial_shops, shop, grunt_tough_drop, uniq_pikel
D:6:      layout_rooms, kennysheep_generic_room_3, uniq_edmund

Skill      XL: |  1  2 |
---------------+-------+-----
Maces & Flails | 2 3 |  3.2
Fighting       | |  4.0
Dodging        | |  1.7
Stealth        | |  3.7

Action                   || total
-------------------------++-------
Melee: Mace              ||    18
Throw: Dart              ||     2
  Use: Scroll            ||     1
       Potion            ||     1
 Stab: Sleeping          ||     1
Armor: Robe              ||     4
Dodge: Dodged            ||     8
